 Dungeon Crawl Stone Soup version 0.31-a0-182-gc5ef74bbde (webtiles) character file.

Game seed: 5934195540773905148

1248 juan097 the Magician (level 8, -4/58 HPs)
             Began as a Djinni Hedge Wizard on June 20, 2023.
             Was an Initiate of Gozag.
             Slain by a gnoll
             ... wielding a +0 flail
             ... led by a gnoll bouda
              (7 damage)
             ... on level 6 of the Dungeon.
             The game lasted 00:16:40 (6444 turns).

juan097 the Magician (Djinni Hedge Wizard)          Turns: 6444, Time: 00:16:41

Health: -4/58      AC:  4    Str: 11    XL:     8   Next: 79%
Gold:   499        EV: 12    Int: 18    God:    Gozag SH:  0 Dex: 13

rFire   + + .        b - +6 mace "Uggeij" {flame, rElec Str+2}
rCold   . . .        (no shield)
rNeg    + . .        s - +0 robe
rPois   ∞            o - +1 helmet
rElec   +            (no cloak)
rCorr   .            (no gloves)
SInv    .            (boots unavailable)
Will    .....        (no amulet)
Stlth   ++           h - ring of protection from cold
HPRegen 0.29/turn    A - ring of positive energy
MPRegen 0.00/turn

%: infuse magic (-5 HP)
@: flying
A: sickness immunity, fire resistance 2, cold vulnerability 1, float, innate
caster, HP casting, extra vitality 1
a: Renounce Religion, Potion Petition, Call Merchant, Bribe Branch


You were on level 6 of the Dungeon.
You worshipped Gozag.
Gozag was aware of your devotion.
You visited 1 branch of the dungeon, and saw 6 of its levels.

You collected 571 gold pieces.
You paid 72 gold pieces to Gozag.

Inventory:

Hand Weapons
 a - a +1 dagger of draining
 b - the +6 mace "Uggeij" (weapon) {flame, rElec Str+2}
   (You found it on level 3 of the Dungeon)

   Str:       It affects your strength (+2).
   rElec:     It insulates you from electricity.
 n - a +0 dagger
 C - a +3 scimitar
Missiles
 l - 7 poisoned darts
 z - 5 atropa-tipped darts
Armour
 o - a +1 helmet (worn)
 s - a +0 robe (worn)
Jewellery
 h - a ring of protection from cold (left hand)
 A - a ring of positive energy (right hand)
Wands
 t - a wand of flame (21)
 B - a wand of polymorph (10)
Scrolls
 d - 5 scrolls of blinking {unknown}
 e - 2 scrolls of poison {unknown}
 i - 4 scrolls of teleportation {unknown}
 j - 4 scrolls of revelation {unknown}
 k - a scroll of butterflies {unknown}
 p - 4 scrolls of identify {unknown}
 v - a scroll of immolation {unknown}
 x - a scroll of acquirement {unknown}
 y - a scroll of vulnerability {unknown}
Potions
 c - a potion of lignification {unknown}
 f - a potion of heal wounds {unknown}
 g - a potion of haste
 m - 2 potions of might {unknown}
 q - a potion of degeneration {unknown}
 r - a potion of curing {unknown}
 u - 2 potions of invisibility
 w - a potion of magic {unknown}


   Skills:
 - Level 4.0 Fighting
 - Level 2.1 Dodging
 - Level 4.0 Stealth
 * Level 6.6 Spellcasting
 * Level 6.6 Conjurations
 * Level 6.6 Hexes
   Level 0.0 Charms
 * Level 6.6 Summonings
 * Level 6.6 Necromancy
 * Level 6.6 Translocations
 * Level 6.6 Transmutations
 * Level 6.6 Fire Magic
 * Level 6.6 Ice Magic
 * Level 6.6 Air Magic
 * Level 6.6 Earth Magic
 * Level 6.6 Poison Magic


You knew the following spells:

 Your Spells              Type           Power      Damage    Failure   Level
a - Magic Dart            Conj           100%       1d8       1%          1
b - Static Discharge      Conj/Air       60%        2-5/arc   1%          2
c - Blink                 Tloc           60%        N/A       1%          2
d - Call Imp              Summ           60%        N/A       1%          2
e - Mephitic Cloud        Conj/Pois/Air  30%        N/A       2%          3
f - Summon Small Mammal   Summ           100%       N/A       1%          1
g - Slow                  Hex            100%       N/A       1%          1
h - Volatile Blastmotes   Fire/Tloc      60%        2d15      2%          3
Your spell library was empty.

Dungeon Overview and Level Annotations

Branches:
Dungeon (6/15)
 Temple: D:4-7

Altars:
Cheibriados
Elyvilon
Gozag
Nemelex Xobeh
Xom
Yredelemnul

Annotations:
D:3 1 runed translucent door, deremet's ghost, amateur MfIE
D:4 3 runed translucent doors, Smol's ghost, amateur OpFi


Innate Abilities, Weirdness & Mutations

You are immune to sickness and miasma.
You are immune to poison.
Your flesh is very heat resistant. (rF++)
You are vulnerable to cold. (rC-)
You float through the air rather than walking.
You learn spells naturally, not from books.
Your magical power is your life essence.
You have superior vitality. (+4 MHP)


Message History

Press: ? - help, Shift-Dir - straight line, f - bullfrog
Aim: a bullfrog (moderately wounded, chance to affect: 81%)
The ball explodes into a vile cloud!
The stinking cloud engulfs the bullfrog but does no damage.
The bullfrog is moderately wounded.
The stinking cloud engulfs you but does no damage.
The stinking cloud engulfs the gnoll bouda but does no damage.
* * * LOW HITPOINT WARNING * * *
Your attacks no longer feel as feeble.
You hear a shout!
The bullfrog is engulfed in noxious fumes.
The bullfrog appears confused.
The bullfrog hits you.
* * * LOW HITPOINT WARNING * * *
The bullfrog barely misses itself.
A gnoll comes into view. It is wielding a +0 club.
The gnoll bouda is engulfed in noxious fumes.
The gnoll bouda appears confused.
The gnoll bouda hits you with a +0 whip.
* * * LOW HITPOINT WARNING * * *
The gnoll bouda hits itself with a +0 whip.
The bullfrog is engulfed in noxious fumes.
The bullfrog is engulfed in noxious fumes.
The bullfrog appears confused.
The gnoll bouda is engulfed in noxious fumes.
The gnoll bouda appears confused.
The bullfrog hits the gnoll bouda but does no damage.
The bullfrog hits the gnoll bouda.
The gnoll throws a stone.
The stone barely misses you. The gnoll hits you with a +0 flail.
* * * LOW HITPOINT WARNING * * *
Okay, then.
The gnoll barely misses you.
The gnoll bouda barely misses the gnoll.
The gnoll attacks as you move away! The gnoll hits you but does no damage.
The gnoll hits you from afar with a +0 spear.
* * * LOW HITPOINT WARNING * * *
There is a stone staircase leading up here.
The gnoll completely misses you. The gnoll hits you with a +0 flail!
You die...
Your body crumbles into a pile of gold.

.. ## .. #### #..
.###..## #.. .#....#
#.##.....###
##....#.....#
............### ###
#.......F..##..##
#..@g.......#...##
#.......g.....##....#
...##...g..g...#.K# $
.......#.........##
......#.....$.........
$
###...#.......$(......
##.........#........
##.......##..$.....
#........#....)...


You could see a bullfrog (confused), a gnoll bouda (confused) and 3 gnolls.

Vanquished Creatures
  Grinder (D:5)
  Duvessa (D:5)
  A sky beast (D:5)
  An ice beast (D:5)
  A wight (D:5)
  Dowan (D:5)
  3 killer bees (D:4)
  A howler monkey (D:5)
  2 jellies
  2 orc priests
  A hound (D:4)
  Ijyb (D:3)
  2 iguanas
  2 orc wizards
  Robin (D:2)
  9 adders
  2 worms
  A dart slug (D:3)
  15 orcs
  3 bats (D:1)
  6 endoplasms
  A giant cockroach (D:4)
  11 goblins
  12 hobgoblins
  10 jackals
  7 kobolds
  3 quokkas
  16 ball pythons
  5 frilled lizards
  4 rats
126 creatures vanquished.

Notes
Turn   | Place    | Note
-------+----------+-------------------------------------------
     0 | D:1      | juan097 the Djinni Hedge Wizard began the quest for the
                  | Orb.
     0 | D:1      | juan097 set off with the following spells memorised: Magic
                  | Dart, Slow, Blink, Call Imp, Mephitic Cloud.
     0 | D:1      | Reached XP level 1. HP: 15/15 MP: 0/0
   260 | D:1      | Reached XP level 2. HP: 22/22 MP: 0/0
   602 | D:1      | Reached XP level 3. HP: 25/26 MP: 0/0
   602 | D:1      | Learned a level 1 spell: Summon Small Mammal
   641 | D:1      | Reached skill level 1 in Fighting
  1503 | D:2      | Reached XP level 4. HP: 28/32 MP: 0/0
  1879 | D:2      | Noticed Robin
  1898 | D:2      | Killed Robin
  2159 | D:3      | Found a runed translucent door.
  2169 | D:3      | Noticed deremet's ghost (amateur MfIE)
  2254 | D:3      | Reached XP level 5. HP: 32/38 MP: 0/0
  2254 | D:3      | Learned a level 2 spell: Static Discharge
  2752 | D:3      | Found a faded altar of an unknown god.
  2792 | D:3      | Identified the +6 mace "Uggeij" {flame, rElec Str+2}
  2819 | D:3      | Noticed Ijyb
  2843 | D:3      | Reached XP level 6. HP: 30/45 MP: 0/0
  2844 | D:3      | Killed Ijyb
  3198 | D:3      | Found an opulent altar of Gozag.
  3231 | D:3      | Found a bloodstained altar of Trog.
  3233 | D:3      | Found a snail-covered altar of Cheibriados.
  3235 | D:3      | Found a shimmering altar of Xom.
  3235 | D:3      | Found a basalt altar of Yredelemnul.
  3484 | D:3      | Became a worshipper of Gozag Ym Sagoz the Greedy
  3596 | D:4      | Found a sparkling altar of Nemelex Xobeh.
  3987 | D:4      | Reached XP level 7. HP: 46/50 MP: 0/0
  3987 | D:4      | Learned a level 3 spell: Volatile Blastmotes
  4034 | D:4      | Found a white marble altar of Elyvilon.
  4581 | D:4      | Found a runed translucent gate.
  4582 | D:4      | Found a runed translucent gate.
  4583 | D:4      | Found a runed translucent gate.
  4584 | D:4      | Noticed Smol's ghost (amateur OpFi)
  4587 | D:4      | Identified the +7 dagger "Fepafis" {protect, rElec}
  4587 | D:4      | Identified the +4 scale mail of Seojybuo {rN++ Str+2}
  4730 | D:5      | Entered Level 5 of the Dungeon
  5004 | D:5      | Reached skill level 5 in Spellcasting
  5004 | D:5      | Reached skill level 5 in Conjurations
  5004 | D:5      | Reached skill level 5 in Hexes
  5004 | D:5      | Reached skill level 5 in Summonings
  5004 | D:5      | Reached skill level 5 in Necromancy
  5004 | D:5      | Reached skill level 5 in Translocations
  5004 | D:5      | Reached skill level 5 in Transmutations
  5004 | D:5      | Reached skill level 5 in Fire Magic
  5004 | D:5      | Reached skill level 5 in Ice Magic
  5004 | D:5      | Reached skill level 5 in Air Magic
  5004 | D:5      | Reached skill level 5 in Earth Magic
  5004 | D:5      | Reached skill level 5 in Poison Magic
  5139 | D:5      | Reached XP level 8. HP: 42/58 MP: 0/0
  5636 | D:5      | Noticed Dowan
  5653 | D:5      | Killed Dowan
  5659 | D:5      | Noticed Grinder
  5668 | D:5      | Noticed Duvessa
  5684 | D:5      | Killed Duvessa
  5731 | D:5      | Paralysed by Grinder for 4 turns
  5736 | D:5      | Paralysed by Grinder for 5 turns
  6100 | D:5      | Paralysed by Grinder for 2 turns
  6129 | D:5      | Killed Grinder
  6444 | D:6      | Slain by a gnoll

Illustrated notes

Levels and vault maps discovered:
D:1:      minmay_arrival_diagonal_passages, layout_loops_corners,
          minmay_misc_feat_more_columns, minmay_gold_behind_fungi, st_stairs_11,
          minmay_misc_feat_x, chequers_serial_rivers_micro_c
D:2:      layout_loops_cross, minivault_23, uniq_robin
D:3:      layout_loops_ring, doesnt_xom_only_xom,
          nicolae_gozag_cash_rules_everything_around_me,
          hellmonk_ecumenical_altar_crossroads, ebering_ghost_reflecting_pool,
          minmay_misc_feat_four_crosses, serial_park_tiny_pond,
          minmay_snake_closets, uniq_ijyb
D:4:      wad_pebble_path, layout_gridville, elyvilon_altar_4,
          kennysheep_little_box, biasface_ghost_orc_armoury
D:5:      layout_basic, mainiacjoe_overflow_catwalk, uniq_duvessa, uniq_grinder
D:6:      kennysheep_six_static_rooms, layout_cave_pools,
          chequers_serial_rivers_large_b

Skill      XL: |  1  2  3  4  5  6  7  8 |
---------------+-------------------------+-----
Spellcasting   | 3 4 5 6 |  6.6
Conjurations   | 3 4 5 6 |  6.6
Hexes          | 3 4 5 6 |  6.6
Summonings     | 3 4 5 6 |  6.6
Necromancy     | 3 4 5 6 |  6.6
Translocations | 3 4 5 6 |  6.6
Transmutations | 3 4 5 6 |  6.6
Fire Magic     | 3 4 5 6 |  6.6
Ice Magic      | 3 4 5 6 |  6.6
Air Magic      | 3 4 5 6 |  6.6
Earth Magic    | 3 4 5 6 |  6.6
Poison Magic   | 3 4 5 6 |  6.6
Fighting       | 1 2 3 4 |  4.0
Stealth        | 2 3 4 |  4.0
Dodging        | |  2.1

Action                     |  1- 3 |  4- 6 |  7- 9 || total
---------------------------+-------+-------+-------++-------
  Melee: Dagger            |    11 |    11 |     7 ||    29
         Mace              |       |     3 |     2 ||     5
   Cast: Magic Dart        |    85 |   123 |    66 ||   274
         Static Discharge  |       |    16 |    23 ||    39
         Mephitic Cloud    |       |     2 |     5 ||     7
         Volatile Blastmot |       |       |    11 ||    11
   Stab: Confused          |       |     2 |     1 ||     3
 Armour: Robe              |     2 |    13 |     5 ||    20
  Dodge: Dodged            |    18 |    30 |    40 ||    88

Table legend: (Time is in decaauts)
 A = Elapsed time spent in this place.
 B = Non-inter-level travel time spent in this place.
 C = Inter-level travel time spent in this place.
 D = Time resting spent in this place.
 E = Time spent auto-exploring this place.
 F = Levels seen in this place.
 G = Mean time per level.
                   A        B        C        D        E       F      G
               +--------+--------+--------+--------+--------+-----+--------+
         Total |   6444 |   6002 |    442 |      0 |   5007 |   6 | 1074.0 |
       Dungeon |   6444 |   6002 |    442 |      0 |   5007 |   6 | 1074.0 |
               +--------+--------+--------+--------+--------+-----+--------+

Top non-repeatable levels by time:
     D:5: 1460 daAuts
     D:4: 1347 daAuts
     D:3: 1322 daAuts
     D:1: 1279 daAuts
     D:2: 970 daAuts
     D:6: 64 daAuts
